 Dungeon Crawl Stone Soup version 0.30.0-29-ga12c61a403 (webtiles) character file.

Game seed: 16987796440446822790

2507 qw the Cleaver (level 9, -5/55 HPs)
             Began as a Gargoyle Fighter on June 3, 2023.
             Slain by a two-headed ogre
             ... wielding a +0 giant club
              (17 damage)
             ... on level 8 of the Dungeon.
             The game lasted 00:02:34 (5174 turns).

qw the Cleaver (Gargoyle Fighter)                   Turns: 5174, Time: 00:02:35

Health: -5/55      AC: 26    Str: 23    XL:     9   Next: 53%
Magic:  9/9        EV:  7    Int: 10    God:
Gold:   36         SH:  4    Dex:  9    Spells: 8/8 levels left

rFire   . . .        Y - +2 broad axe (flame)
rCold   . . .        c - +0 buckler
rNeg    + + .        b - +0 plate armour
rPois   inf          n - +0 helmet
rElec   +            m - +0 cloak
rCorr   .            l - +0 pair of gloves
SInv    .            k - +2 pair of boots
Will    .....        (no amulet) Stlth
                     j - ring of positive energy
HPRegen 0.29/turn    (no ring)
MPRegen 0.11/turn

%: no passive effects
@: about to teleport
A: sickness immunity, AC +6, negative energy resistance 1, electricity
resistance, torment resistance 1, petrification resistance
a: no special abilities


You were on level 8 of the Dungeon.
You visited 2 branches of the dungeon, and saw 8 of its levels.
You also visited: Ossuary.

You collected 285 gold pieces.
You spent 249 gold pieces at shops.


Innate Abilities, Weirdness & Mutations

You are immune to sickness and miasma.
Your stone body is resilient. (AC +6)
You are immune to poison.
You resist negative energy. (rN+)
You are resistant to electric shocks. (rElec)
You are resistant to unholy torment.
You are immune to petrification.


   Skills:
 - Level 6.0 Fighting
 - Level 9.1 Axes
 - Level 2.0 Throwing
 - Level 6.0 Armour
 - Level 3.1 Dodging
 + Level 3.2 Shields


You had 8 spell levels left.
You didn't know any spells.
Your spell library was empty.

Inventory:

Hand Weapons
 Y - a +2 broad axe of flaming (weapon)
Armour
 b - a +0 plate armour (worn)
 c - a +0 buckler (worn)
 k - a +2 pair of boots (worn)
 l - a +0 pair of gloves (worn)
 m - a +0 cloak (worn)
 n - a +0 helmet (worn)
Jewellery
 j - a ring of positive energy (left hand)
Scrolls
 e - a scroll of identify
 f - a scroll of teleportation
Potions
 a - 2 potions of attraction
 d - a potion of might
 g - a potion of haste {unknown}
 p - a potion of heal wounds
 q - a potion of mutation {unknown}

Dungeon Overview and Level Annotations

Branches:
Dungeon (8/15)             Temple (1/1) D:4         Ossuary (visited)
   Lair: D:8-11

Altars:
Dithmenos
Elyvilon
Fedhas
Gozag
Hepliaklqana
Kikubaaqudgha
Makhleb
Nemelex Xobeh
Qazlal
Ru
Sif Muna
Uskayaw
Vehumet
Wu Jian
Xom
Yredelemnul
The Shining One

Shops:
D:5 (   D:6 =


Message History

Found a leather armour.
Found a stone staircase leading up.
Enter note:
(D) Dungeon (T) Temple
Where to? (* - list waypoints, Enter - D:6, ? - help)
What level of the Dungeon? (default 1, ? - help)
A two-headed ogre comes into view.
It is wielding a +0 giant club and a +0 giant spiked club.
Found a scroll labelled BUTWITEGUU.
The two-headed ogre shouts in stereo!
Enter note: You throw a javelin.
The javelin hits the two-headed ogre and shatters for extra damage!
The two-headed ogre is moderately wounded.
You hit the two-headed ogre. You burn the two-headed ogre.
The two-headed ogre is heavily wounded.
The two-headed ogre barely misses you.
The two-headed ogre hits you with a +0 giant spiked club!
You barely miss the two-headed ogre.
The two-headed ogre is moderately wounded.
The two-headed ogre hits you but does no damage.
The two-headed ogre hits you with a +0 giant spiked club.
You hit the two-headed ogre. You burn the two-headed ogre.
The two-headed ogre is heavily wounded.
The two-headed ogre hits you with a +0 giant club!
The two-headed ogre hits you with a +0 giant spiked club.
You barely miss the two-headed ogre.
The two-headed ogre is heavily wounded.
You barely miss the two-headed ogre.
The two-headed ogre is heavily wounded.
The two-headed ogre hits you with a +0 giant club!!
The two-headed ogre hits you but does no damage.
You slash the two-headed ogre! You burn the two-headed ogre.
The two-headed ogre is heavily wounded.
The two-headed ogre hits you with a +0 giant club.
The two-headed ogre hits you but does no damage.
5174 ||| READING 2 scrolls of teleportation.
As you read the scroll of teleportation, it crumbles to dust.
You feel strangely unstable.
The two-headed ogre hits you with a +0 giant club!
You die...

#.##'#......
#.##.######+######..
..##..##............
.#####...............
.# #.........[....?
P# #.........?.....
#...............
#.....#..O...#
#......#@....#
#............#
#.....#.........
#.....#.....$...
#.....#....<....
#.....###..##...
#.... ..# ... ... ..


You could see a two-headed ogre.

Vanquished Creatures
  A wyvern (D:8)
  5 yaks (D:5)
  A steam dragon (D:6)
  2 water moccasins
  A sky beast (D:3)
  2 orc warriors
  A black bear (D:5)
  A kobold brigand (D:5)
  A bullfrog (D:6)
  2 scorpions
  A howler monkey (D:4)
  2 jellies
  An orc priest (D:3)
  2 gnoll boudas (D:6)
  2 hounds
  3 sleepcaps
  An iguana (D:4)
  An orc wizard (D:5)
  3 mummies (Ossuary)
  Robin (D:4)
  13 gnolls
  4 adders
  A white imp (D:5)
  3 worms
  4 dart slugs
  13 orcs
  2 ball pythons (D:4)
  3 endoplasms
  2 giant cockroaches
  A gnoll zombie (Ossuary)
  16 goblins
  4 hobgoblins
  12 kobolds
  A quokka (D:5)
  3 bats
  A frilled lizard (D:3)
  3 kobold zombies (Ossuary)
  A quokka zombie (Ossuary)
  7 rats
  A rat zombie (Ossuary)
129 creatures vanquished.

Vanquished Creatures (others)
  An orc wizard (D:5)
1 creature vanquished.

Grand Total: 130 creatures vanquished

Notes
Turn   | Place    | Note
-------+----------+-------------------------------------------
     0 | D:1      | qw the Gargoyle Fighter began the quest for the Orb.
     0 | D:1      | Reached XP level 1. HP: 14/14 MP: 1/1
     0 | D:1      | 0 ||| qw: Version: 0.2-a-103-g5a998e5
     0 | D:1      | 0 ||| qw: Game counter: 1021
     0 | D:1      | 0 ||| qw: Always use a shield: true
     0 | D:1      | 0 ||| qw: God list: Okawaru
     0 | D:1      | 0 ||| qw: Allow faded altars: false
     0 | D:1      | 0 ||| qw: Do Orc after D:15 true
     0 | D:1      | 0 ||| qw: Do second Lair branch before Depths: true
     0 | D:1      | 0 ||| qw: Lair rune preference: random
     0 | D:1      | 0 ||| qw: Plans: Normal, Zot:1-4, Slime:5, God:TSO, Crypt,
                  | Tomb, Pan, Hells, Abyss, Win
     0 | D:1      | 0 ||| PLANNING D:1-11
    27 | D:1      | Reached skill level 2 in Axes
   233 | D:1      | Reached XP level 2. HP: 19/19 MP: 2/2
   742 | D:1      | 742 ||| READING scroll labelled CYWODAEQ GOBI.
   746 | D:1      | 746 ||| READING scroll labelled IDOBAE OCWUH.
   747 | D:1      | 747 ||| READING scroll labelled REESOKHACW.
   748 | D:1      | 748 ||| READING scroll labelled CEMEV GU JO RUGH.
   749 | D:1      | 749 ||| READING scroll labelled DAGUTO WONOTI.
   880 | D:2      | Reached skill level 3 in Axes
   926 | D:2      | Reached XP level 3. HP: 19/23 MP: 3/3
  1051 | D:2      | 1051 ||| DROPPING +0 mace.
  1330 | D:2      | 1330 ||| Stepping ~*~*~tactically~*~*~ (hiding).
  1408 | D:2      | 1408 ||| READING 2 scrolls labelled PEPERCH MEQ SEUNG.
  1485 | D:3      | Found a stormy altar of Qazlal.
  1485 | D:3      | Noticed a sky beast
  1508 | D:3      | Killed a sky beast
  1509 | D:3      | Reached skill level 4 in Axes
  1509 | D:3      | Reached XP level 4. HP: 18/28 MP: 4/4
  1509 | D:3      | Reached XP level 5. HP: 20/32 MP: 5/5
  1639 | D:3      | 1639 ||| Stepping ~*~*~tactically~*~*~ (stealth).
  1647 | D:3      | 1647 ||| Stepping ~*~*~tactically~*~*~ (stealth).
  1655 | D:3      | 1655 ||| Stepping ~*~*~tactically~*~*~ (stealth).
  1731 | D:3      | 1731 ||| FLEEEEING.
  1732 | D:3      | 1732 ||| FLEEEEING.
  1733 | D:3      | 1733 ||| FLEEEEING.
  1739 | D:3      | 1739 ||| FLEEEEING.
  1740 | D:3      | 1740 ||| FLEEEEING.
  1761 | D:3      | Reached skill level 1 in Throwing
  1861 | D:3      | 1861 ||| Stepping ~*~*~tactically~*~*~ (stealth).
  1862 | D:3      | 1862 ||| Stepping ~*~*~tactically~*~*~ (stealth).
  1864 | D:3      | 1864 ||| Stepping ~*~*~tactically~*~*~ (stealth).
  2152 | D:3      | 2152 ||| UPGRADING to +0 chain mail.
  2162 | D:3      | 2162 ||| DROPPING +0 scale mail.
  2163 | D:3      | 2163 ||| DRINKING 3 dark potions.
  2164 | D:3      | 2164 ||| DRINKING 2 red potions.
  2165 | D:3      | 2165 ||| DROPPING potion of brilliance.
  2197 | D:4      | Reached skill level 5 in Axes
  2197 | D:4      | Reached XP level 6. HP: 32/37 MP: 6/6
  2197 | D:4      | 2197 ||| FLEEEEING.
  2198 | D:4      | 2198 ||| STAIRDANCE
  2245 | D:4      | Found a shimmering blue altar of Sif Muna.
  2246 | D:4      | Found a hide-covered altar of Uskayaw.
  2319 | D:4      | Found a staircase to the Ecumenical Temple.
  2320 | D:4      | 2320 ||| PLANNING TEMPLE
  2362 | Temple   | Entered the Ecumenical Temple
  2476 | Temple   | 2476 ||| PLANNING D:1-11
  2544 | D:4      | Found a basalt altar of Yredelemnul.
  2544 | D:4      | Found a sparkling altar of Nemelex Xobeh.
  2805 | D:4      | Noticed Robin
  2822 | D:4      | Killed Robin
  2823 | D:4      | Reached skill level 6 in Axes
  3138 | D:4      | 3138 ||| UPGRADING to +0 plate armour.
  3148 | D:4      | 3148 ||| DROPPING +0 chain mail.
  3149 | D:4      | 3149 ||| UPGRADING to +0 cloak.
  3154 | D:4      | 3154 ||| UPGRADING to +0 helmet.
  3159 | D:4      | 3159 ||| UPGRADING to ring of positive energy.
  3160 | D:4      | 3160 ||| DROPPING +6 ring of intelligence.
  3161 | D:4      | 3161 ||| READING scroll labelled LUUBAS HICRA.
  3162 | D:4      | 3162 ||| READING scroll labelled BOG ENAWITOB.
  3163 | D:4      | 3163 ||| READING 2 scrolls of identify.
  3163 | D:4      | 3163 ||| IDENTIFYING blue potion
  3186 | D:5      | Entered Level 5 of the Dungeon
  3187 | D:5      | 3187 ||| PLANNING OSSUARY
  3192 | D:5      | Found a blossoming altar of Fedhas.
  3203 | D:5      | Noticed a water moccasin
  3210 | D:5      | Killed a water moccasin
  3211 | D:5      | Reached XP level 7. HP: 36/43 MP: 7/7
  3307 | D:5      | Found a shimmering altar of Xom.
  3317 | D:5      | Found a sand-covered staircase.
  3318 | D:5      | 3318 ||| READING scroll labelled RONAERIUCU.
  3352 | Ossuary  | Entered an ossuary
  3549 | D:5      | 3549 ||| PLANNING D:1-11
  3717 | D:5      | 3717 ||| Stepping ~*~*~tactically~*~*~ (hiding).
  3752 | D:5      | Found Fyuheo's Weapon Boutique.
  3759 | D:5      | 3759 ||| BUYING +2 broad axe of flaming (249 gold).
  3759 | D:5      | Bought a +2 broad axe of flaming for 249 gold pieces
  3759 | D:5      | 3759 ||| SWAPPING to +2 broad axe of flaming.
  3760 | D:5      | 3760 ||| DROPPING +0 flail.
  3761 | D:5      | 3761 ||| DROPPING +1 war axe.
  3812 | D:5      | 3812 ||| Stepping ~*~*~tactically~*~*~ (hiding).
  3814 | D:5      | Noticed a yak
  3817 | D:5      | Noticed a yak
  3818 | D:5      | Noticed a yak
  3820 | D:5      | Noticed a yak
  3821 | D:5      | HP: 8/43 [orc warrior/+2 heavy war axe (14)]
  3822 | D:5      | 3822 ||| READING 2 scrolls of teleportation.
  3822 | D:5      | Noticed a yak
  3822 | D:5      | HP: 3/43 [orc warrior/+2 heavy war axe (5)]
  3823 | D:5      | 3823 ||| DRINKING 2 potions of heal wounds.
  3826 | D:5      | 3826 ||| Stepping ~*~*~tactically~*~*~ (hiding).
  4040 | D:5      | Reached skill level 7 in Axes
  4056 | D:5      | Killed a yak
  4057 | D:5      | Reached XP level 8. HP: 49/49 MP: 8/8
  4061 | D:5      | Killed a yak
  4061 | D:5      | Killed a yak
  4062 | D:5      | Reached skill level 3 in Dodging
  4067 | D:5      | Killed a yak
  4072 | D:5      | Killed a yak
  4084 | D:5      | 4084 ||| FLEEEEING.
  4224 | D:5      | 4224 ||| Stepping ~*~*~tactically~*~*~ (hiding).
  4225 | D:5      | 4225 ||| Stepping ~*~*~tactically~*~*~ (hiding).
  4226 | D:5      | 4226 ||| Stepping ~*~*~tactically~*~*~ (hiding).
  4236 | D:5      | Reached skill level 8 in Axes
  4236 | D:5      | Reached XP level 9. HP: 26/54 MP: 9/9
  4658 | D:5      | 4658 ||| UPGRADING to +2 pair of boots.
  4663 | D:5      | 4663 ||| UPGRADING to +0 pair of gloves.
  4668 | D:5      | 4668 ||| READING scroll labelled QIAT RIGIOLUFE.
  4715 | D:6      | Reached skill level 6 in Fighting
  4752 | D:6      | 4752 ||| Stepping ~*~*~tactically~*~*~ (hiding).
  4763 | D:6      | 4763 ||| Stepping ~*~*~tactically~*~*~ (hiding).
  4764 | D:6      | 4764 ||| Stepping ~*~*~tactically~*~*~ (hiding).
  4891 | D:6      | Reached skill level 6 in Armour
  4947 | D:6      | Found a shadowy altar of Dithmenos.
  4958 | D:6      | Found Ecaocan's Jewellery Boutique.
  4959 | D:6      | 4959 ||| Stepping ~*~*~tactically~*~*~ (hiding).
  4968 | D:6      | 4968 ||| Stepping ~*~*~tactically~*~*~ (cloud).
  4969 | D:6      | 4969 ||| Stepping ~*~*~tactically~*~*~ (cloud).
  4991 | D:6      | 4991 ||| SHOPLISTING +4 ring of protection (432 gold, have
                  | 23).
  4991 | D:6      | 4991 ||| SHOPLISTING +4 ring of slaying (936 gold, have
                  | 23).
  4991 | D:6      | 4991 ||| SHOPLISTING +5 ring of evasion (432 gold, have
                  | 23).
  4991 | D:6      | 4991 ||| SHOPLISTING +6 ring of dexterity (432 gold, have
                  | 23).
  4991 | D:6      | 4991 ||| SHOPLISTING +6 ring of strength (432 gold, have
                  | 23).
  4991 | D:6      | 4991 ||| SHOPLISTING amulet of reflection (360 gold, have
                  | 23).
  5040 | D:6      | You fall into a shaft and drop 2 floors!
  5109 | D:8      | Reached skill level 9 in Axes
  5162 | D:8      | Noticed a two-headed ogre
  5173 | D:8      | HP: 12/55 [two-headed ogre/+0 giant club (6)]
  5174 | D:8      | 5174 ||| READING 2 scrolls of teleportation.
  5174 | D:8      | Slain by a two-headed ogre

Levels and vault maps discovered:
D:1:      dpeg_arrival_subterranean_lakeside_camping, layout_basic
D:2:      layout_loops_ring, minmay_door_square
D:3:      layout_basic, nicolae_qazlal_beasts_of_the_sky
D:4:      layout_basic, minitemple, gammafunk_temple_overflow_pools,
          minmay_temple_entry_grid, minmay_ruptured, uniq_robin
D:5:      layout_loops_corners, xom_butterflies,
          mainiacjoe_overflow_six_doors_small, serial_shops,
          nicolae_shop_scrapyard, nicolae_ossuary_entry_ruins,
          nicolae_nh_ransacked_shop
D:6:      wander_river, layout_basic, grunt_dithmenos_smoke_and_mirrors,
          grunt_decor_mini_mirrors, grunt_decor_junction, minivault_5,
          minmay_shop_enchanted_jewellery, kennysheep_small_spiral
D:8:      layout_basic, chequers_temple_overflow_statue_of_worship,
          minmay_lair_entry_grove
Temple:   nicolae_temple_figure_zero

Skill      XL: |  1  2  3  4  5  6  7  8  9 |
---------------+----------------------------+-----
Axes           | 2 3 4 5 6 7 8 9 |  9.1
Throwing       | 1 2 |  2.0
Fighting       | 4 5 6 |  6.0
Armour         | 4 5 6 |  6.0
Dodging        | 3 |  3.1
Shields        | |  3.2

Action                     |  1- 3 |  4- 6 |  7- 9 || total
---------------------------+-------+-------+-------++-------
  Melee: War axe           |   107 |    99 |    36 ||   242
         Broad axe         |       |       |   140 ||   140
  Throw: Javelin           |       |    31 |    21 ||    52
    Use: Scroll            |     6 |     3 |     4 ||    13
         Potion            |       |     2 |     1 ||     3
 Armour: Scale mail        |    43 |     6 |       ||    49
         Chain mail        |       |    51 |       ||    51
         Plate armour      |       |     5 |   120 ||   125
  Dodge: Dodged            |    45 |    36 |    40 ||   121
  Block: Buckler           |    17 |    17 |    23 ||    57

Table legend:
 A = Non-vault XP
 B = Vault XP
 C = Vault XP percentage of total XP
 D = Non-vault monster count
 E = Vault monster count
 F = Vault count percentage of total count
                 A         B        C        D         E       F
            +---------+---------+-------+---------+---------+-------
      Total |    2745 |     837 |  23.4 |      90 |      39 |  30.2
            +---------+---------+-------+---------+---------+-------
        D:1 |      13 |       9 |  40.9 |       7 |       6 |  46.2
        D:2 |      26 |       0 |   0.0 |      11 |       0 |   0.0
        D:3 |      71 |     132 |  65.0 |      13 |       1 |   7.1
        D:4 |     192 |     164 |  46.1 |      16 |      15 |  48.4
        D:5 |    1760 |     106 |   5.7 |      24 |       6 |  20.0
        D:6 |     541 |       0 |   0.0 |      16 |       0 |   0.0
        D:8 |     142 |     365 |  72.0 |       3 |       2 |  40.0
    Ossuary |       0 |      61 | 100.0 |       0 |       9 | 100.0
            +---------+---------+-------+---------+---------+-------
